 Dungeon Crawl Stone Soup version 0.20.0-10-g0535bb4 (webtiles) character file.

5392 Manul the Spear-Bearer (level 10, -1/69 HPs)
             Began as an Octopode Abyssal Knight on June 4, 2017.
             Was a High Priest of Lugonu.
             Slain by a centaur warrior zombie (2 damage)
             ... on level 8 of the Dungeon.
             The game lasted 00:14:22 (9809 turns).

Manul the Spear-Bearer (Octopode Abyssal Knight)    Turns: 9809, Time: 00:14:22

Health: -1/69      AC:  8    Str: 19    XL:     10   Next: 66%
Magic:  14/14      EV: 16    Int: 14    God:    Lugonu [*****.]
Gold:   339        SH:  0    Dex: 14    Spells: 6/9 levels left

rFire    + + .     SeeInvis +   c - +2 scythe (protect)
rCold    + . .     Gourm    .   (shield currently unavailable)
rNeg     . . .     Faith    .   (helmet restricted)
rPois    .         Spirit   .   (no amulet)
rElec    +         Reflect  .   e - ring of see invisible
rCorr    .         Harm     .   g - ring of protection from fire
MR       .....     Clarity  +   l - ring of protection from fire
Stlth    +++++.....             t - +6 ring of strength
Regen    0.3/turn               B - ring of protection from cold
MPRegen  0.2/turn               (no ring)
                                (no ring)
                                (no ring)

@: protection aura
A: almost no armour, stealthy swim, amphibious, 8 rings, constrict 8, tentacle
spike 1, camouflage 1, clarity, electricity resistance, gelatinous body 1
a: Depart the Abyss, Bend Space, Banish, Corrupt, Enter the Abyss, Renounce
Religion


You were on level 8 of the Dungeon.
You worshipped Lugonu.
Lugonu was extremely pleased with you.
You were not hungry.

You visited 1 branch of the dungeon, and saw 8 of its levels.
You visited the Abyss 1 time.
You also visited: Sewer.

You collected 339 gold pieces.

Inventory:

Hand Weapons
 c - a +2 scythe of protection (weapon)
 i - a +0 vampiric whip
 q - a +2 quarterstaff of chaos
Armour
 j - a +1 buckler
Magical Staves
 p - a cursed staff of fire {unknown}
Jewellery
 e - a ring of see invisible (left tentacle)
 g - a ring of protection from fire (right tentacle)
 l - a ring of protection from fire (on tentacle)
 t - a +6 ring of strength (on tentacle)
 B - a ring of protection from cold (on tentacle)
Wands
 f - a wand of acid (0/15)
 n - a wand of confusion (22/48)
 x - a wand of flame (8/48)
Scrolls
 k - a scroll of teleportation
 m - 6 scrolls of identify
 s - a scroll of blinking
 y - a scroll of enchant armour
 C - a scroll of magic mapping
 H - 2 scrolls of fog
Potions
 h - a potion of flight {unknown}
 o - 2 potions of agility
 u - a potion of ambrosia {unknown}
 w - a potion of invisibility {unknown}
 A - 2 potions of might {unknown}
 D - a potion of resistance {unknown}
 E - a potion of brilliance {unknown}
 G - 2 potions of haste
Books
 a - a book of Misfortune

   Spells                             Type                      Level
   a - Confusing Touch                Hexes                        1
   b - Confuse                        Hexes                        3
   c - Gell's Gravitas                Translocation                3
   d - Petrify                        Transmutation/Earth          4
   e - Metabolic Englaciation         Hexes/Ice                    5
   f - Yara's Violent Unravelling     Hexes/Transmutation          5
Miscellaneous
 v - a sack of spiders
Comestibles
 b - 6 bread rations
 d - 9 meat rations
 r - 9 fruits
 z - 2 royal jellies
 F - 8 chunks of flesh


   Skills:
 + Level 6.8 Fighting
   Level 3.3 Short Blades
 + Level 9.9 Polearms
 + Level 5.7 Dodging
 + Level 9.8 Stealth
 * Level 5.4 Invocations
 + Level 0.2 Evocations


You had 6 spell levels left.
You knew the following spells:

 Your Spells              Type           Power        Failure   Level  Hunger
a - Confuse               Hex            #.......     65%         3    ####...


Dungeon Overview and Level Annotations

Branches:
Dungeon (8/15)             Temple (0/1) D:6            Lair (0/6) D:8

Altars:
Elyvilon
Nemelex Xobeh
Okawaru
Vehumet
Xom
Zin

Annotations:
D:8 Erica


Innate Abilities, Weirdness & Mutations

You cannot wear most types of armour.
You are very stealthy in the water. (Stealth+)
You are amphibious.
You can wear up to eight rings at the same time.
You can use your tentacles to constrict eight enemies at once.
Your skin changes colour to match your surroundings (Stealth+).
Your rubbery body absorbs attacks. (AC +1, EV +1)
One of your tentacles bears a spike.
You possess an exceptional clarity of mind.
You are resistant to electric shocks. (rElec)


Message History

Okay, then.
Evoke which item? (* to show all) (? for menu, Esc to quit)
Aiming: Confuse (will waste charges)
Press: ? - help, Shift-Dir - straight line, f - centaur warrior zombie
Aim: a centaur warrior zombie (heavily damaged, chance to defeat MR: 51%)
The centaur warrior zombie resists with significant effort.
Evoking this partially-identified wand wasted a few charges.
The centaur warrior zombie hits you but does no damage.
You slash the centaur warrior zombie!
You pierce the centaur warrior zombie, but do no damage.
The centaur warrior zombie is severely damaged.
The centaur warrior zombie hits you but does no damage.
The centaur warrior zombie hits you.
* * * LOW HITPOINT WARNING * * *
You slice the centaur warrior zombie!!
Your tentacle spike misses the centaur warrior zombie.
You squeeze the centaur warrior zombie!
The centaur warrior zombie is almost destroyed.
The centaur warrior zombie hits you.
You die...

#.................(...P.PP.
#........#######..#5P.P..PP
#........# ....#..##(.PPP.P
#......()# ....#..##P..PPPP
........[))#
....#..##..P†.P†
#........).#
....#..##PPPPP.P
###.....$..# ...
#..##FZ..PP. #........##[##
#..##...PPPP ##......)Z@).#
#.....#...PP ####......###
...##.P... #..##### ....
##.... ##. ... ##... #.
...P #. #. .. ..


You could see a centaur warrior zombie.

Vanquished Creatures
  A two-headed ogre (D:8)
  Pikel (D:6)
  A centaur skeleton (D:8)
  Prince Ribbit (D:8)
  Grinder (D:6)
  Sigmund (D:2)
  A yak (D:8)
  A porcupine (D:8)
  Duvessa (D:4)
  2 orc warriors
  An ice beast (D:7)
  A slave (D:6)
  2 black bears
  A phantom (D:6)
  A sky beast (D:7)
  An ogre (D:7)
  4 centaurs
  2 crocodiles (D:8)
  A big kobold (D:8)
  7 bullfrogs
  A gnoll sergeant (D:6)
  Dowan (D:4)
  A scorpion (D:7)
  4 killer bees
  A howler monkey (D:7)
  3 crimson imps (D:5)
  A bullfrog zombie (D:8)
  A quasit (D:7)
  A hound (D:5)
  A jelly (D:6)
  3 orc priests
  Crazy Yiuf (D:2)
  Jessica (D:3)
  An iguana (D:7)
  Ijyb (D:3)
  4 orc wizards
  6 worker ants
  A hound zombie (D:8)
  Robin (D:4)
  2 howler monkey skeletons
  2 worker ant zombies
  5 gnolls
  8 adders
  2 river rats (D:3)
  4 shadow imps
  An ooze (D:3)
  2 adder skeletons
  3 worms
  A dart slug (D:1)
  9 leopard geckos
  44 orcs
  7 bats
  9 giant cockroaches
  12 goblins
  8 hobgoblins
  15 jackals
  2 quokkas (D:3)
  7 ball pythons
  12 frilled lizards
  13 kobolds
  A leopard gecko skeleton (D:7)
  A quokka zombie (D:7)
  6 rats
242 creatures vanquished.

Vanquished Creatures (others)
  A slave (D:6)
  A howler monkey (D:6)
  2 crimson imps (D:6)
  A bullfrog skeleton (D:6)
  2 jackals (D:6)
  40 fungi (D:8)
  7 plants (D:8)
54 creatures vanquished.

Grand Total: 296 creatures vanquished

Notes
Turn   | Place    | Note
-------+----------+-------------------------------------------
     0 | Abyss:1  | Manul the Octopode Abyssal Knight began the quest for the Orb.
     0 | Abyss:1  | Reached XP level 1. HP: 16/16 MP: 2/2
     7 | Abyss:1  | Found a corrupted altar of Lugonu.
    41 | Abyss:1  | Found a corrupted altar of Lugonu.
    90 | Abyss:1  | Noticed a storm dragon skeleton
   101 | Abyss:1  | Noticed a wight
   126 | Abyss:1  | Noticed a wretched star
   134 | Abyss:1  | Noticed a death drake
   186 | Abyss:3  | Found a corrupted altar of Lugonu.
   221 | Abyss:3  | Noticed a wretched star
   223 | Abyss:3  | Noticed a large abomination
   227 | Abyss:3  | Noticed a starcursed mass
   243 | D:1      | Escaped the Abyss
   453 | D:1      | Reached XP level 2. HP: 20/21 MP: 3/3
   609 | D:1      | Reached * piety under Lugonu
   930 | D:1      | Reached skill level 1 in Stealth
  1451 | D:2      | Noticed Sigmund
  1464 | D:2      | Killed Sigmund
  1464 | D:2      | Reached XP level 3. HP: 13/27 MP: 4/4
  1464 | D:2      | Reached XP level 4. HP: 15/33 MP: 5/5
  1464 | D:2      | Reached XP level 5. HP: 17/37 MP: 6/6
  1738 | D:2      | Found an iron altar of Okawaru.
  2096 | D:2      | Found a runed door.
  2235 | D:2      | Noticed Crazy Yiuf
  2239 | D:2      | Killed Crazy Yiuf
  2239 | D:2      | Reached XP level 6. HP: 34/44 MP: 5/7
  2286 | D:3      | Noticed Jessica
  2289 | D:3      | Killed Jessica
  2498 | D:3      | Noticed Ijyb
  2506 | D:3      | Killed Ijyb
  2506 | D:3      | Reached skill level 1 in Polearms
  2593 | D:3      | Found a glowing drain.
  2602 | Sewer    | Entered a sewer
  2733 | Sewer    | Gained mutation: You are partially covered in icy blue scales. (AC +2) [potion of mutation]
  2733 | Sewer    | Gained mutation: You have a pair of small antennae on your head. [potion of mutation]
  2736 | Sewer    | Reached ** piety under Lugonu
  2762 | Sewer    | Reached XP level 7. HP: 34/49 MP: 8/8
  3376 | D:3      | Lost mutation: You have a pair of small antennae on your head. [potion of mutation]
  3376 | D:3      | Gained mutation: You are resistant to electric shocks. (rElec) [potion of mutation]
  3376 | D:3      | Gained mutation: Your mind is acute. (Int +2) [potion of mutation]
  3723 | D:4      | Noticed Robin
  3742 | D:4      | Killed Robin
  3875 | D:4      | Reached *** piety under Lugonu
  4360 | D:4      | Noticed Duvessa
  4362 | D:4      | Noticed Dowan
  4371 | D:4      | Killed Duvessa
  4371 | D:4      | Reached skill level 5 in Stealth
  4375 | D:4      | Killed Dowan
  4375 | D:4      | Reached skill level 5 in Fighting
  4375 | D:4      | Reached XP level 8. HP: 48/55 MP: 9/9
  4404 | D:5      | Entered Level 5 of the Dungeon
  4411 | D:5      | Reached skill level 5 in Polearms
  4966 | D:5      | Found a radiant altar of Vehumet.
  5124 | D:5      | Found a shimmering altar of Xom.
  5290 | D:6      | Noticed Pikel
  5328 | D:6      | Killed Pikel
  5328 | D:6      | Reached XP level 9. HP: 30/62 MP: 10/10
  5674 | D:6      | Found a staircase to the Ecumenical Temple.
  5754 | D:6      | Noticed Grinder
  5755 | D:6      | Paralysed by Grinder for 7 turns
  5764 | D:6      | Paralysed by Grinder for 2 turns
  5766 | D:6      | Killed Grinder
  5817 | D:6      | Lost mutation: You are partially covered in icy blue scales. (AC +2) [potion of mutation]
  5817 | D:6      | Lost mutation: Your mind is acute. (Int +2) [potion of mutation]
  5817 | D:6      | Gained mutation: One of your tentacles bears a spike. [potion of mutation]
  5817 | D:6      | Gained mutation: You possess an exceptional clarity of mind. [potion of mutation]
  5830 | D:6      | Reached **** piety under Lugonu
  6256 | D:6      | Found a glowing silver altar of Zin.
  6397 | D:7      | Learned a level 3 spell: Confuse
  7001 | D:7      | Found a sparkling altar of Nemelex Xobeh.
  7200 | D:7      | Found a sparkling altar of Nemelex Xobeh.
  7581 | D:7      | Reached skill level 5 in Dodging
  7722 | D:8      | Noticed a two-headed ogre
  7738 | D:8      | Killed a two-headed ogre
  7738 | D:8      | Reached XP level 10. HP: 27/69 MP: 11/13
  7983 | D:8      | Found a staircase to the Lair.
  8350 | D:8      | Found a white marble altar of Elyvilon.
  8456 | D:8      | Noticed Prince Ribbit
  8456 | D:8      | Noticed Erica
  8475 | D:8      | Killed Prince Ribbit
  8475 | D:8      | Reached skill level 5 in Invocations
  9751 | D:8      | Reached ***** piety under Lugonu
  9808 | D:8      | HP: 1/69 [centaur warrior zombie (5)]
  9809 | D:8      | Slain by a centaur warrior zombie

Skill      XL: |  1  2  3  4  5  6  7  8  9 10 |
---------------+-------------------------------+-----
Stealth        | 3 4 5 7 9 |  9.8
Fighting       | 4 5 6 |  6.8
Short Blades   | 3 |  3.3
Dodging        | 3 4 5 |  5.7
Polearms       | 2 4 6 8 9 |  9.9
Invocations    | 4 5 |  5.4
Evocations     | |  0.2

Action                   |  1- 3 |  4- 6 |  7- 9 | 10-12 || total
-------------------------+-------+-------+-------+-------++-------
Melee: Short sword       |    49 |       |       |       ||    49
       Constrict         |    10 |    22 |    55 |    24 ||   111
       Tentacles         |    10 |    13 |    43 |    29 ||    95
       Scythe            |       |    93 |   262 |   123 ||   478
       Kick              |       |       |    19 |    37 ||    56
Invok: Depart the Abyss  |     1 |       |       |       ||     1
Evoke: Wand              |     2 |       |     1 |     3 ||     6
  Use: Scroll            |     2 |     6 |     3 |     3 ||    14
       Potion            |     3 |     1 |     4 |     1 ||     9
 Stab: Sleeping          |     4 |     8 |    38 |     2 ||    52
       Distracted        |       |       |     3 |     5 ||     8
       Confused          |       |       |     1 |     1 ||     2
  Eat: Chunk             |     1 |     4 |    17 |       ||    22
       Bread ration      |       |       |       |     2 ||     2
Armor: Skin              |     3 |    22 |    49 |    25 ||    99
Dodge: Dodged            |    29 |    91 |   213 |   164 ||   497
Block: Buckler           |     1 |       |       |       ||     1
